[Event "Open Gent 2023 Unrated"]
[Site "Gent, Belgium"]
[Date "2023.07.15"]
[Round "1.1"]
[White "Froeyman, Helmut"]
[Black "Dhuyvetter, Koen"]
[Result "1-0"]
[TimeControl "90'+30''"]
[WhiteTitle "FM"]
[WhiteElo "2308"]
[BlackElo "1705"]

1. e4 e5 2. Nf3 Nc6 3. Bb5 Nf6 4. O-O d6 5. d4 exd4 6. Nxd4 Bd7 7. Nc3 Be7 8. Nxc6 Bxc6 9. Bxc6+ bxc6 10. Re1 Nd7 11. Be3 O-O 12. Qd2 Nb6 13.
Qd3 Bf6 14. Rad1 Re8 15. f3 Qd7 16. b3 Qe6 17. a4 Bxc3 18. Qxc3 c5 19. Bf2 f5 20. e5 Qg6 21. a5 Nd7 22.
exd6 cxd6 23. Qc4+ Kh8 24. Bg3 Ne5 25. Qd5 Nf7 26. Qc6 Red8 27. Re7 Rac8 28. Qd5 Nh6 29. Re6 Qf7 30. Rxd6 Rxd6 31.
Qxd6 c4 32. b4 c3 33. Be5 Qc4 34. Qxh6 1-0

[Event "Open Gent 2023 Unrated"]
[Site "Gent, Belgium"]
[Date "2023.07.15"]
[Round "1.3"]
[White "Oorebeek, Erwin"]
[Black "De Baets, Christof"]
[Result "1-0"]
[TimeControl "90'+30''"]
[WhiteElo "2199"]
[BlackElo "1681"]

1. d4 f5 2. Nc3 Nf6 3. Bg5 d5 4. Bxf6 exf6 5. e3 Be6 6. Bd3 Nc6 7. a3 Be7 8. Nge2 g6 9. h4 Qd7 10.
b4 a6 11. Na4 b6 12. Nb2 b5 13. c3 Nd8 14. a4 c6 15. Nf4 Kf7 16. axb5 cxb5 17. Be2 Bd6 18. Nbd3 Nb7 19. Bf3 Bc7 20.
Qb3 Rhd8 21. O-O Qc6 22. Rfd1 Kg7 23. Nxe6+ Qxe6 24. Nc5 Qc6 25. g3 Rd6 26. Ra2 a5 27. bxa5 Rxa5 28. Nxb7 Qxb7 29.
Rxa5 Bxa5 30. Rc1 Qc6 31. Qa3 Bd8 32. Qb4 Qa6 33. Be2 Ba5 34. Qc5 Qb6 35. Bxb5 Qxc5 36. dxc5 Rd8 37. Kf1 Kf7 38.
Ke2 Rc8 39. c6 Ke6 40. Kd3 Kd6 41. c4 Kc5 42. Ba4 Rc7 43. cxd5+ Kxd5 44. Rb1 Kd6 45. Kc4 Ra7 46. Rd1+ Ke7 47.
Kc5 Bd8 48. Bb5 Ba5 49. Rd5 Bd8 50. h5 Ba5 51. hxg6 hxg6 52. Rd1 Ke6 53. f4 Ke7 54. Rh1 Rc7 55. Rh8 Ke6 56. Ra8 Bd2 57.
Bc4+ Ke7 58. Kb6 1-0

[Event "Open Gent 2023 Unrated"]
[Site "Gent, Belgium"]
[Date "2023.07.15"]
[Round "1.4"]
[White "Lindeboom, Fokke"]
[Black "Goormachtigh, Johan"]
[Result "0-1"]
[TimeControl "90'+30''"]
[BlackTitle "FM"]
[WhiteElo "1671"]
[BlackElo "2183"]

1. e4 c5 2. d4 cxd4 3. c3 Nf6 4. e5 Nd5 5. cxd4 e6 6. Nf3 d6 7. Bc4 Be7 8. O-O O-O 9. Qe2 b6 10.
Rd1 Bb7 11. Nbd2 Nd7 12. Ne4 dxe5 13. dxe5 Qc7 14. Ng3 Rac8 15. Bd2 Qxc4 16. Qe1 Nc5 17. b3 Qg4 18. h3 Qg6 19. Be3 Rfd8 20.
Rd4 Nxe3 21. Qxe3 Bxf3 0-1

[Event "Open Gent 2023 Unrated"]
[Site "Gent, Belgium"]
[Date "2023.07.15"]
[Round "2.1"]
[White "Feelders, Ad"]
[Black "Froeyman, Helmut"]
[Result "0-1"]
[TimeControl "90'+30''"]
[BlackTitle "FM"]
[WhiteElo "2002"]
[BlackElo "2308"]

1. e4 e5 2. Nf3 Nc6 3. c3 Nf6 4. d4 Nxe4 5. d5 Bc5 6. dxc6 Bxf2+ 7. Ke2 Bb6 8. Qd5 Nf2 9. Rg1 O-O 10.
cxb7 Bxb7 11. Qxb7 Qf6 12. Na3 Rab8 13. Qa6 e4 14. Nd4 c5 15. Ndc2 d5 16. Be3 Ng4 17. h3 Nxe3 18. Nxe3 d4 19.
Nd5 Qe5 0-1

[Event "Open Gent 2023 Unrated"]
[Site "Gent, Belgium"]
[Date "2023.07.15"]
[Round "2.3"]
[White "Blom, Yeb"]
[Black "Oorebeek, Erwin"]
[Result "0-1"]
[TimeControl "90'+30''"]
[WhiteElo "1920"]
[BlackElo "2199"]

1. c4 e5 2. Nc3 Nf6 3. d3 c6 4. Nf3 Qc7 5. g3 Bb4 6. Bd2 O-O 7. Bg2 Re8 8. O-O a5 9. a3 Be7 10.
Rc1 Na6 11. d4 d6 12. d5 Bg4 13. Be3 Rad8 14. Re1 Bh5 15. h3 Bg6 16. Nd2 c5 17. Nb5 Qb8 18. Qa4 b6 19. Nc3 Nd7 20.
Qb5 Qa7 21. Nde4 h6 22. Na2 Rf8 23. Nec3 f5 24. Bd2 f4 25. Qb3 Nc7 26. Na4 Bg5 27. e3 fxg3 28. fxg3 e4 29. Re2 Rde8 30.
N2c3 Bf6 31. Nb5 Nxb5 32. Qxb5 Ne5 33. Bc3 Nf3+ 34. Kh1 Bxc3 35. Rxc3 Qe7 36. Bf1 Qg5 37. Rg2 Nd4 38. exd4 Rxf1+ 39. Kh2 cxd4 40. Rb3 d3 41.
Qxb6 Qc1 42. Rg1 Rxg1 0-1

[Event "Open Gent 2023 Unrated"]
[Site "Gent, Belgium"]
[Date "2023.07.15"]
[Round "2.4"]
[White "Goormachtigh, Johan"]
[Black "Van Nassau, Erik"]
[Result "1-0"]
[TimeControl "90'+30''"]
[WhiteTitle "FM"]
[WhiteElo "2183"]
[BlackElo "1934"]

1. d4 d5 2. Nf3 Nf6 3. c4 e6 4. Nc3 Be7 5. Bf4 O-O 6.
e3 b6 7.
Rc1 c5 8. dxc5 Bxc5 9. cxd5 Nxd5 10. Nxd5 Qxd5 11. Qxd5 exd5 12. a3 a5 13. Be2 Bf5 14. O-O Nc6 15. Bb5 Ne7 16. Nd4 Be6 17.
Nb3 Rfc8 18. Nxc5 bxc5 19. Bd6 Ra7 20. Rxc5 Rb7 21. a4 Nf5 22. Rxc8+ Bxc8 23. Be5 f6 24. Bc3 Bd7 25. Bxd7 Rxd7 26.
Rd1 1-0

[Event "Open Gent 2023 Unrated"]
[Site "Gent, Belgium"]
[Date "2023.07.16"]
[Round "3.1"]
[White "Froeyman, Helmut"]
[Black "Boog, Ben"]
[Result "1-0"]
[TimeControl "90'+30''"]
[WhiteTitle "FM"]
[WhiteElo "2308"]
[BlackElo "2120"]

1. e4 c6 2. d4 d6 3. Nf3 Bg4 4. h3 Bh5 5. Bd3 Nd7 6. c3 e5 7. Nbd2 Qc7 8. O-O Be7 9. Re1 h6 10.
Nf1 Bf6 11. Be3 Ne7 12. Ng3 Bg6 13. a4 O-O 14. dxe5 dxe5 15. Bc4 b6 16. Qe2 Rfd8 17. Red1 Nf8 18. Rxd8 Rxd8 19. Rd1 Nc8 20.
Rxd8 Qxd8 21. Qd2 Qxd2 22. Nxd2 Nd6 23. f3 Nxc4 24. Nxc4 Nd7 25. Nd6 Bd8 26. a5 bxa5 27. Bxa7 Bb6+ 28.
Bxb6 Nxb6 29. Kf2 Kf8 30. Ke2 Ke7 31.
Nb7 a4 32. Kd3 Kd7 33. Na5 Kc7 34. Nc4 Nd7 35. Ne3 f6 36. Ngf5 Nc5+ 37. Kc4 Kb6 38. Kb4 Nd3+ 39. Kxa4 Nxb2+ 40. Kb3 Nd3 41. Nxg7 Nf4 42. h4 Kc5 43. Kc2 Bf7 44. Kd2 h5 45. g3 Ng6 46. Nxh5 Nxh4 47. gxh4 Bxh5 48. Ng4 Kd6 49. Ke3 Ke6 50. Nh6 Bg6 51.
Kf2 Kd6 52. Ng4 Ke6 53. Ne3 Bh5 54. Kg3 Kd6 55. f4 Ke6 56. Nf5 Bg6 57. Kg4 exf4 58. Kxf4 c5 59. h5 Bh7 60. Nh4 Kd6 61. Ng6 1-0

[Event "Open Gent 2023 Unrated"]
[Site "Gent, Belgium"]
[Date "2023.07.16"]
[Round "3.4"]
[White "Dam, Hans"]
[Black "Goormachtigh, Johan"]
[Result "1/2-1/2"]
[TimeControl "90'+30''"]
[BlackTitle "FM"]
[WhiteElo "2025"]
[BlackElo "2183"]

1. c4 c5 2. Nc3 Nc6 3. g3 g6 4. Bg2 Bg7 5. Nf3 e5 6. d3 Nge7 7. O-O d6 8. a3 a5 9. Bg5 h6 10.
Bd2 O-O 11. Rb1 Rb8 12. Ne1 Be6 13. e4 f5 14. f3 Nd4 15. b4 axb4 16. axb4 cxb4 17. Rxb4 Nec6 18. Rb2 fxe4 19. fxe4 Qd7 20.
Rxf8+ Rxf8 21. Qb1 Rf7 22. Be3 Kh7 23. Rf2 Rxf2 24. Bxf2 Bf6 25. Nf3 Nxf3+ 26. Bxf3 1/2-1/2

[Event "Open Gent 2023 Unrated"]
[Site "Gent, Belgium"]
[Date "2023.07.16"]
[Round "4.1"]
[White "Plomp, Micha"]
[Black "Froeyman, Helmut"]
[Result "1/2-1/2"]
[TimeControl "90'+30''"]
[BlackTitle "FM"]
[WhiteElo "2130"]
[BlackElo "2308"]

1. e4 e5 2. Nc3 Nf6 3. Bc4 Nxe4 4. Qh5 Nd6 5. Bb3 Be7 6. Nf3 Nc6 7. d3 g6 8. Qh3 Nf5 9. Nd5 h5 10.
Nxe7 Qxe7 11. Ng5 Nd8 12. c3 d6 13. Ne4 Nd4 14. Qg3 Nf5 15. Qg5 Ne6 16. Bxe6 Bxe6 17. Nf6+ Kf8 18. Ne4 Qxg5 19.
Bxg5 Ne7 20. Bf6 Rh6 21. O-O Ng8 22. Bg5 Rh8 23. f4 exf4 24. Rxf4 f5 25. c4 Kg7 26. Nc3 Nf6 1/2-1/2

[Event "Open Gent 2023 Unrated"]
[Site "Gent, Belgium"]
[Date "2023.07.16"]
[Round "4.2"]
[White "Oorebeek, Erwin"]
[Black "Roelandt, Andreas"]
[Result "1/2-1/2"]
[TimeControl "90'+30''"]
[WhiteElo "2199"]
[BlackElo "1876"]

1. d4 d5 2. Nf3 Nf6 3. g3 c6 4. Bg2 Bf5 5. c4 e6 6. Nc3 h6 7. Qb3 Qb6 8. c5 Qxb3 9. axb3 Na6 10.
Ra4 Bc2 11. Ne5 Nc7 12. h4 a6 13. Bf4 Rc8 14. Kd2 Bh7 15. Raa1 Nd7 16. Na4 Nxe5 17. Bxe5 Nb5 18. e3 f6 19.
Nb6 Rd8 20. Bf4 g5 21. hxg5 hxg5 22. Rh3 gxf4 23. Rah1 fxe3+ 24. fxe3 Bg7 25. Rxh7 Kf7 26. Rxh8 Rxh8 27. Rxh8 Bxh8 28.
Bf1 Nc7 29. Nc8 Ne8 30. Be2 Kg6 31. Kc3 f5 32. g4 Bf6 33. Bd3 Bd8 34. Kb4 Kf6 35. gxf5 exf5 36. Kc3 1/2-1/2

[Event "Open Gent 2023 Unrated"]
[Site "Gent, Belgium"]
[Date "2023.07.16"]
[Round "4.3"]
[White "Goormachtigh, Johan"]
[Black "Smaling, Eric"]
[Result "1/2-1/2"]
[TimeControl "90'+30''"]
[WhiteTitle "FM"]
[WhiteElo "2183"]
[BlackElo "1919"]

1. d4 Nf6 2. c4 c5 3. d5 e5 4. Nc3 d6 5. e4 Be7 6. h3 O-O 7. Nf3 Ne8 8. g4 g6 9. Bh6 Ng7 10.
Bd3 f6 11. Rg1 Rf7 12. Qd2 a6 13. a4 Qf8 14. Ke2 b6 15. Rg2 Ra7 16. Nd1 Bd8 17. Ne3 Qe8 18. b3 Rfb7 19. Rgg1 Nd7 20.
h4 Nf8 21. Nh2 Rf7 22. f3 Rab7 23. Nhf1 Bd7 24. Ng3 Be7 25. Qc2 Qb8 26. Ra2 Bd8 27. Rh1 b5 28. axb5 axb5 29. Rha1 b4 30.
Ra8 Qc7 31. h5 Bc8 32. Qa2 Nd7 33. Qc2 Nb6 34. R8a2 Qb8 35. Kf1 Ra7 36. Kg2 Qa8 37. Kg1 1/2-1/2

[Event "Open Gent 2023 Unrated"]
[Site "Gent, Belgium"]
[Date "2023.07.16"]
[Round "4.4"]
[White "Kegels, Pascal"]
[Black "Hennipman, Rene"]
[Result "1-0"]
[TimeControl "90'+30''"]
[BlackTitle "CM"]
[WhiteElo "2057"]
[BlackElo "2183"]

1. e4 c6 2. d4 d5 3. e5 c5 4. c3 Nc6 5. h3 Bf5 6. Nf3 e6 7. Be2 Nh6 8. O-O Be7 9. Be3 cxd4 10.
cxd4 Bxb1 11. Qxb1 Nf5 12. Bd3 g6 13. a3 Rc8 14. b4 h5 15. Qb2 h4 16. Rac1 Kf8 17. Qd2 Kg7 18. Rc3 Qd7 19.
Rfc1 Nb8 20. Rxc8 Rxc8 21. Rxc8 Qxc8 22. Bg5 Qd8 23. Bxf5 Bxg5 24. Nxg5 gxf5 25. Qf4 Kg6 26. Nf3 Kh5 27.
g4+ hxg3 28. fxg3 Kg6 29. g4 fxg4 30. Qxg4+ Kh6 31. h4 Qf8 32. Qf4+ Kh7 33. Ng5+ Kg6 34. Nxe6 Qe7 35. Qg4+ Kh6 36. Qg7+ Kh5 37. Nf4+ 1-0

[Event "Open Gent 2023 Unrated"]
[Site "Gent, Belgium"]
[Date "2023.07.17"]
[Round "5.1"]
[White "Froeyman, Helmut"]
[Black "Kegels, Pascal"]
[Result "1-0"]
[TimeControl "90'+30''"]
[WhiteTitle "FM"]
[WhiteElo "2308"]
[BlackElo "2057"]

1. e4 e6 2. d4 d5 3. Nc3 Nf6 4. e5 Nfd7 5. f4 a6 6. Nf3 c5 7. Be3 b5 8. Qd2 Nc6 9. dxc5 Bxc5 10.
Bd3 Qb6 11. Bf2 Bb7 12. O-O g6 13. a3 O-O-O 14. b4 Bxf2+ 15. Qxf2 Qxf2+ 16. Kxf2 f6 17. exf6 Rdf8 18. Rae1 Rxf6 19.
Kg1 Kc7 20. Ne2 Kd6 21. Ned4 Nxd4 22. Nxd4 Rhf8 23. Rf3 e5 24. fxe5+ Nxe5 25. Rfe3 Nxd3 26. cxd3 Bc8 27. h3 Rf4 28.
Ne6 Bxe6 29. Rxe6+ Kd7 30. Re7+ Kd8 31. Ra7 R8f7 32. Rxa6 Rc7 33. Rd6+ Kc8 34. Rxd5 Rc3 35. Re7 Rxa3 36.
Rxb5 Rxd3 37. Rxh7 Rfd4 38. Rg5 Rxb4 39. Rxg6 Rd8 40. Kh2 Rb2 41. h4 Rb4 42. Kh3 Rd3+ 43. g3 Rd8 44. Rhg7 1-0

[Event "Open Gent 2023 Unrated"]
[Site "Gent, Belgium"]
[Date "2023.07.17"]
[Round "5.3"]
[White "Vandelacluze, Ian"]
[Black "Plomp, Micha"]
[Result "1/2-1/2"]
[TimeControl "90'+30''"]
[WhiteElo "2170"]
[BlackElo "2130"]

1. d4 e6 2. e4 d5 3. Nd2 Nf6 4. e5 Nfd7 5. Bd3 c5 6. c3 Nc6 7. Ne2 cxd4 8. cxd4 f6 9. exf6 Nxf6 10.
Nf3 Qc7 11. Bf4 Bb4+ 12. Nd2 Qe7 13. O-O Nh5 14. Be3 O-O 15. f4 Bd6 16. g3 Nf6 17. Nf3 Bd7 18. Ne5 Be8 19. Nc3 Bh5 20.
Qd2 Ng4 21. Nxg4 Bxg4 22. Kg2 Qf7 23. h3 Bf5 24. Be2 Bb4 25. Bf3 Qg6 26. Kh2 Rac8 27. Rac1 Na5 28. g4 Bxc3 29. Rxc3 Nc4 30.
Qg2 1/2-1/2

[Event "Open Gent 2023 Unrated"]
[Site "Gent, Belgium"]
[Date "2023.07.17"]
[Round "5.4"]
[White "van der Linden, Marco"]
[Black "Oorebeek, Erwin"]
[Result "1/2-1/2"]
[TimeControl "90'+30''"]
[WhiteElo "2082"]
[BlackElo "2199"]

1. d4 Nf6 2. c4 c5 3. d5 b5 4. cxb5 a6 5. bxa6 e6 6. Nc3 exd5 7. Nxd5 Be7 8. e3 O-O 9. Nf3 Nxd5 10.
Qxd5 Nc6 11. Bc4 Bxa6 12. Bxa6 Qa5+ 13. Qd2 Qxa6 14. Qe2 d5 15. Qxa6 Rxa6 16. O-O Bf6 17. Rd1 Rd8 18. a3 Na5 19.
Rb1 Nb3 20. Nd2 Rb6 21. g3 c4 22. Nxb3 Rxb3 23. Ra1 Rxb2 24. Bxb2 Bxb2 25. Ra2 c3 26. Rxb2 cxb2 27. Rb1 Rb8 1/2-1/2

[Event "Open Gent 2023 Unrated"]
[Site "Gent, Belgium"]
[Date "2023.07.17"]
[Round "6.1"]
[White "Goormachtigh, Johan"]
[Black "Froeyman, Helmut"]
[Result "1/2-1/2"]
[TimeControl "90'+30''"]
[WhiteTitle "FM"]
[BlackTitle "FM"]
[WhiteElo "2183"]
[BlackElo "2308"]

1. d4 f5 2. g3 Nf6 3. Bg2 e6 4. Nf3 d5 5. O-O Bd6 6. c4 c6 7. Nbd2 Nbd7 8. Qc2 O-O 9. b3 Qe7 10.
Bb2 b6 11. Ne5 Bb7 12. Rad1 Rac8 13. Ndf3 Rfd8 14. Qb1 c5 1/2-1/2

[Event "Open Gent 2023 Unrated"]
[Site "Gent, Belgium"]
[Date "2023.07.17"]
[Round "6.3"]
[White "Feelders, Ad"]
[Black "Vandelacluze, Ian"]
[Result "0-1"]
[TimeControl "90'+30''"]
[WhiteElo "2002"]
[BlackElo "2170"]

1. e4 c5 2. c3 d5 3. exd5 Qxd5 4. d4 g6 5. Nf3 Bg7 6. Na3 cxd4 7. Bc4 Qe4+ 8. Be3 Nh6 9. cxd4 O-O 10.
Nb5 Nc6 11. Nc3 Qg4 12. h3 Qh5 13. d5 Ne5 14. Be2 Bg4 15. Nxe5 Bxe2 16. Qxe2 Qxe5 17. Bxh6 Qxe2+ 18. Kxe2 Bxh6 19.
Rhe1 Rfd8 20. Kf1 Kf8 21. Rad1 Rd7 22. Rd3 Bg7 23. b3 Rad8 24. Red1 e6 25. d6 Bxc3 26. Rxc3 Rxd6 27. Rxd6 Rxd6 28.
Rc7 Ra6 29. Rxb7 Rxa2 30. g3 a5 31. Ra7 Rb2 32. Rxa5 Rxb3 33. Ra7 Kg7 34. h4 h5 35. Kg2 Rb5 36. Kf3 g5 37. hxg5 Rxg5 38.
Ke3 Rg4 39. Ra5 Kg6 40. Ra8 h4 41. gxh4 Rxh4 42. Ra6 Rb4 43. Ra5 f6 44. Ra8 Kf5 45. Ra5+ e5 46. Ra6 Rb3+ 47. Ke2 Kg5 48.
Ra8 f5 49. Rg8+ Kf4 50. Rh8 Rb2+ 51. Ke1 Ke4 52. Ra8 f4 53. Ra4+ Kf3 54. Ra3+ Kg2 55. f3 e4 0-1

[Event "Open Gent 2023 Unrated"]
[Site "Gent, Belgium"]
[Date "2023.07.17"]
[Round "6.4"]
[White "Torn, Bert"]
[Black "Van de Putte, Ben"]
[Result "1-0"]
[TimeControl "90'+30''"]
[WhiteElo "2135"]
[BlackElo "1685"]

1. Nf3 Nf6 2. c4 g6 3. Nc3 Bg7 4. e4 d6 5. d4 Bg4 6. Be2 Nc6 7. Be3 Nd7 8. Ng1 Bxe2 9. Ngxe2 e6 10.
b3 O-O 11. Qd2 f5 12. d5 exd5 13. exd5 Nce5 14. O-O Ng4 15. Bg5 Bf6 16. Bxf6 Qxf6 17. f3 Nge5 18. Nd4 Rf7 19. f4 Ng4 20.
h3 Nh6 21. Rfe1 Nf8 22. Re2 Re7 23. Rxe7 Qxe7 24. Re1 Qd7 25. Qe3 Kf7 26. Ne6 Ng8 27. Nb5 c6 28. Nbc7 Rc8 29. Ng5+ Kg7 30.
Nce6+ Nxe6 31. Nxe6+ Kf7 32. Qd4 Nf6 33. Ng5+ Kg7 34. Re6 Rf8 35. Nxh7 Kxh7 36. Rxf6 Rxf6 37. Qxf6 cxd5 38. cxd5 Qc7 39.
Qd4 Qc1+ 40. Kh2 b6 41. Qc4 Qa3 42. b4 a5 43. Qc7+ Kh6 44. Qxd6 axb4 45. Qf8+ Kh7 46. Qe7+ Kh6 47.
Qe5 Kh7 48. d6 1-0

[Event "Open Gent 2023 Unrated"]
[Site "Gent, Belgium"]
[Date "2023.07.18"]
[Round "7.1"]
[White "Froeyman, Helmut"]
[Black "Vandelacluze, Ian"]
[Result "1/2-1/2"]
[TimeControl "90'+30''"]
[WhiteTitle "FM"]
[WhiteElo "2308"]
[BlackElo "2170"]

1. e4 e6 2. d4 d5 3. Nc3 Bb4 4. e5 c5 5. a3 Bxc3+ 6. bxc3 Qa5 7. Bd2 Qa4 8. Qb1 c4 9. Ne2 Nc6 10.
g3 Bd7 11. Bg2 O-O-O 12. O-O b6 13. Qb2 h6 14. h4 Nge7 15. Bh3 Rdf8 16. Rae1 Rhg8 17. h5 Kb7 18. Nf4 Nd8 19. Kh2 f5 20.
exf6 Rxf6 21. Re2 a5 22. Ng2 Be8 23. Nf4 Bd7 24. Rfe1 Qc6 25. Kg1 Rgf8 26. Qc1 Re8 27. Ng2 Nf5 28.
Bf4 Nf7 29. Bxf5 Rxf5 30. Ne3 1/2-1/2

[Event "Open Gent 2023 Unrated"]
[Site "Gent, Belgium"]
[Date "2023.07.18"]
[Round "7.2"]
[White "Plomp, Micha"]
[Black "Goormachtigh, Johan"]
[Result "1/2-1/2"]
[TimeControl "90'+30''"]
[BlackTitle "FM"]
[WhiteElo "2130"]
[BlackElo "2183"]

1. e4 c5 2. Nc3 Nc6 3. Bb5 Nd4 4. Nf3 e6 5. O-O a6 6. Bd3 Nc6 7. Re1 d6 8. Bf1 Nf6 9. d4 cxd4 10.
Nxd4 Be7 11. g3 O-O 12. Bg2 Bd7 13. b3 Qb6 14. Nxc6 bxc6 15. Na4 Qc7 16. c4 e5 17. Ba3 c5 18.
Nc3 Bc6 19. Bc1 Rfe8 20. Bg5 h6 21. Be3 Nh7 22. Qd2 Ng5 23. f4 Bf8 1/2-1/2

[Event "Open Gent 2023 Unrated"]
[Site "Gent, Belgium"]
[Date "2023.07.18"]
[Round "7.4"]
[White "Torn, Bert"]
[Black "Kegels, Pascal"]
[Result "1-0"]
[TimeControl "90'+30''"]
[WhiteElo "2135"]
[BlackElo "2057"]

1. Nf3 Nf6 2. c4 e6 3. Nc3 d5 4. e3 Be7 5. b3 O-O 6. Bb2 b6 7. cxd5 exd5 8. Qc2 c5 9. Ne2 Nc6 10.
Ng3 Nb4 11. Qb1 d4 12. a3 Nbd5 13. Be2 dxe3 14. dxe3 a5 15. a4 Qc7 16. O-O Bg4 17. h3 Bxf3 18. Bxf3 Rad8 19. Nf5 Rfe8 20.
Nxe7+ Qxe7 21. Qf5 Qe6 22. Qxe6 Rxe6 23. Rfd1 Ree8 24. Rd2 Nb4 25. Rad1 Rc8 26. Rd6 c4 27. bxc4 Rxc4 28. Rxb6 Rc2 29.
Bxf6 gxf6 30. Rb5 1-0

[Event "Open Gent 2023 Unrated"]
[Site "Gent, Belgium"]
[Date "2023.07.18"]
[Round "8.2"]
[White "Vandelacluze, Ian"]
[Black "Torn, Bert"]
[Result "1/2-1/2"]
[TimeControl "90'+30''"]
[WhiteElo "2170"]
[BlackElo "2135"]

1. d4 d6 2. Nf3 g6 3. g3 Bg7 4. Bg2 Nf6 5. c4 O-O 6. O-O c6 7. Nc3 Bf5 8. b3 Ne4 9. Bb2 Nxc3 10.
Bxc3 Be4 11. e3 e6 12. Bh3 c5 13. Nd2 Bc6 14. Qc2 Qe7 15. Rad1 Nd7 16. dxc5 1/2-1/2

[Event "Open Gent 2023 Unrated"]
[Site "Gent, Belgium"]
[Date "2023.07.18"]
[Round "8.3"]
[White "Goormachtigh, Johan"]
[Black "Oorebeek, Erwin"]
[Result "1-0"]
[TimeControl "90'+30''"]
[WhiteTitle "FM"]
[WhiteElo "2183"]
[BlackElo "2199"]

1. d4 Nf6 2. c4 c5 3. d5 b5 4. cxb5 a6 5. bxa6 e6 6. Nc3 exd5 7. Nxd5 Be7 8. Nxe7 Qxe7 9. Bf4 d5 10.
e3 O-O 11. Nf3 Nbd7 12. Be2 Bxa6 13. O-O h6 14. Bxa6 Rxa6 15. h3 Rfa8 16. a3 c4 17. Rb1 Rb6 18. Qd4 Rb3 19. Ne5 Nf8 20.
Ng4 Rd3 21. Nxf6+ gxf6 22. Qb6 Kg7 23. Rfd1 Rxd1+ 24. Rxd1 Qe6 25. Qb5 Rd8 26. Bc7 Rd7 27. Ba5 Ng6 28. Bc3 Ne5 29. Rd4 Kg6 30.
Qb8 Kg7 31. Rf4 Qd6 32. Qa8 Qb6 33. Qc8 Qc7 34. Qa6 Rd6 35. Qa8 Rd8 36. Qa4 Rd6 37. Qd1 Ng6 38. Rf5 Qd7 39. Qg4 Kh7 40.
Rxf6 Qxg4 41. Rxf7+ Kg8 42. Rg7+ Kf8 43. hxg4 d4 44. Bxd4 Rxd4 45. Rxg6 1-0

[Event "Open Gent 2023 Unrated"]
[Site "Gent, Belgium"]
[Date "2023.07.19"]
[Round "9.1"]
[White "Vandelacluze, Ian"]
[Black "Goormachtigh, Johan"]
[Result "1/2-1/2"]
[TimeControl "90'+30''"]
[BlackTitle "FM"]
[WhiteElo "2170"]
[BlackElo "2183"]

1. e4 c5 2. c3 Nf6 3. e5 Nd5 4. Bc4 e6 5. d4 cxd4 6. Bxd5 exd5 7. Qxd4 Nc6 8. Qxd5 d6 9. exd6 Bxd6 10.
Bg5 Qc7 11. Nf3 Be6 12. Qd1 O-O 13. O-O Bg4 14. h3 Bh5 15. Nbd2 h6 16. Be3 Rad8 17. Qa4 Rfe8 18. Rfe1 b6 19.
Qh4 Bg6 20. Rad1 Bc2 21. Rc1 Bg6 22. Rcd1 Bc2 23. Rc1 Bg6 24.
Rcd1 1/2-1/2

[Event "Open Gent 2023 Unrated"]
[Site "Gent, Belgium"]
[Date "2023.07.19"]
[Round "9.4"]
[White "Plomp, Micha"]
[Black "Smaling, Eric"]
[Result "1-0"]
[TimeControl "90'+30''"]
[WhiteElo "2130"]
[BlackElo "1919"]

1. e4 c5 2. Nc3 Nc6 3. Bb5 Nd4 4. Nf3 g6 5. O-O Bg7 6. Re1 e6 7. Rb1 Ne7 8. b4 a6 9. Bf1 cxb4 10.
Nxd4 Bxd4 11. Rxb4 Nc6 12. Rxd4 Nxd4 13. e5 O-O 14. Ba3 Nb5 15. Bxb5 axb5 16. Bxf8 Qxf8 17. Qb1 b4 18. Ne4 Ra6 19.
Nd6 b5 20. Re4 Ra4 21. Rxb4 Ba6 22. Rxa4 bxa4 23. Qb4 1-0